UNITED STATES PREMIER LEAGUE
BOSTON PATRIOTS VS CHICAGO GOLD SOX
04/27/2014
 
TOP OF THE 1ST
Chicago Gold Sox batting - Pitching for Boston Patriots : RHP Cris Mendoza
Pitching: RHP Cris Mendoza
Batting: SHB Brent Gaines 0-0: Fly out, F7 (Flyball, 78S)
Batting: LHB Jeff Sharp 0-0: Ball
1-0: Ground out 4-3 (Groundball, 4)
Batting: RHB John Hill 0-0: Called Strike
0-1: Ball
1-1: Foul Ball, location: 2F
1-2: Ball
2-2: Strikes out swinging
Top of the 1st over - 0 run(s), 0 hit(s), 0 error(s), 0 left on base; Chicago 0 - Boston 0
BOTTOM OF THE 1ST
Boston Patriots batting - Pitching for Chicago Gold Sox : RHP Pedro Martínez
Pitching: RHP Pedro Martínez
Batting: RHB Rich Norman 0-0: Called Strike
0-1: Ball
1-1: Ball
2-1: Ball
3-1: Ground out 6-3 (Groundball, 6)
Batting: LHB Michael Greene 0-0: Called Strike
0-1: Ball
1-1: Foul Ball, location: 2F
1-2: Ball
2-2: Foul Ball, location: 2F
2-2: Ball
3-2: Foul Ball, location: 2F
3-2: Ground out 1-3 (Groundball, 13S)
Batting: RHB Manuel Villarreal 0-0: Called Strike
0-1: Swinging Strike
0-2: Ball
1-2: Foul Ball, location: 2F
1-2: Strikes out swinging
Bottom of the 1st over - 0 run(s), 0 hit(s), 0 error(s), 0 left on base; Chicago 0 - Boston 0
TOP OF THE 2ND
Chicago Gold Sox batting - Pitching for Boston Patriots : RHP Cris Mendoza
Batting: LHB Vicente Martínez 0-0: Called Strike
0-1: Ball
1-1: Ball
2-1: Foul Ball, location: 2F
2-2: Ball
3-2: Base on Balls
Batting: LHB Earl Ellis 0-0: Ball
1-0: Ball
2-0: Ball
3-0: Called Strike
3-1: Called Strike
3-2: Fly out, F4 (Popup, 4)
Batting: LHB Ron Goodwin 0-0: Swinging Strike
0-1: Foul Ball, location: 2F
0-2: Ball
1-2: Ball
2-2: Strikes out swinging
Batting: RHB Pancho Montoya 0-0: Foul Ball, location: 2F
0-1: SINGLE (Flyball, 8RS)
Vicente Martínez to second
Batting: RHB Tim Little 0-0: Ball
1-0: Ball
2-0: Called Strike
2-1: Fly out, F8 (Flyball, 8LM)
Top of the 2nd over - 0 run(s), 1 hit(s), 0 error(s), 2 left on base; Chicago 0 - Boston 0
BOTTOM OF THE 2ND
Boston Patriots batting - Pitching for Chicago Gold Sox : RHP Pedro Martínez
Batting: LHB George Valentine 0-0: Foul Ball, location: 2F
0-1: Foul Ball, location: 2F
0-2: Ball
1-2: Ball
2-2: Ball
3-2: Foul Ball, location: 2F
3-2: Foul Ball, location: 2F
3-2: Foul Ball, location: 2F
3-2: Strikes out swinging
Batting: RHB Ben Ross 0-0: Called Strike
0-1: Ball
1-1: Ball
2-1: Ground out 5-3 (Groundball, 5S)
Batting: RHB José Rodríguez 0-0: Ball
1-0: Ground out 5-3 (Groundball, 56)
Bottom of the 2nd over - 0 run(s), 0 hit(s), 0 error(s), 0 left on base; Chicago 0 - Boston 0
TOP OF THE 3RD
Chicago Gold Sox batting - Pitching for Boston Patriots : RHP Cris Mendoza
Batting: RHB Pedro Martínez 0-0: Called Strike
0-1: Ball
1-1: Called Strike
1-2: Ball
2-2: Strikes out looking
Batting: SHB Brent Gaines 0-0: Called Strike
0-1: Ball
1-1: Fly out, F8 (Flyball, 8RM)
Batting: LHB Jeff Sharp 0-0: Ball
1-0: Fly out, F7 (Flyball, 7LM)
Top of the 3rd over - 0 run(s), 0 hit(s), 0 error(s), 0 left on base; Chicago 0 - Boston 0
BOTTOM OF THE 3RD
Boston Patriots batting - Pitching for Chicago Gold Sox : RHP Pedro Martínez
Batting: RHB Kyle Taylor 0-0: Ball
1-0: Ball
2-0: Called Strike
2-1: Ball
3-1: Foul Ball, location: 2F
3-2: Strikes out looking
Batting: RHB Carlos Vera 0-0: Ball
1-0: Ball
2-0: Ball
3-0: Base on Balls
Batting: RHB Cris Mendoza 0-0: Ball
1-0: Sac Bunt - play at first, batter OUT! 1-4
Carlos Vera to second
Batting: RHB Rich Norman 0-0: Ground out 5-3 (Groundball, 56)
Bottom of the 3rd over - 0 run(s), 0 hit(s), 0 error(s), 1 left on base; Chicago 0 - Boston 0
TOP OF THE 4TH
Chicago Gold Sox batting - Pitching for Boston Patriots : RHP Cris Mendoza
Batting: RHB John Hill 0-0: Ball
1-0: Ground out 5-3 (Groundball, 56)
Batting: LHB Vicente Martínez 0-0: Called Strike
0-1: Foul Ball, location: 2F
0-2: Fly out, F7 (Flyball, 7M)
Batting: LHB Earl Ellis 0-0: Swinging Strike
0-1: Ball
1-1: Ball
2-1: Ball
3-1: DOUBLE (Line Drive, 78XD)
Batting: LHB Ron Goodwin 0-0: Ball
1-0: Foul Ball, location: 2F
1-1: Swinging Strike
1-2: Ball
2-2: Strikes out looking
Top of the 4th over - 0 run(s), 1 hit(s), 0 error(s), 1 left on base; Chicago 0 - Boston 0
BOTTOM OF THE 4TH
Boston Patriots batting - Pitching for Chicago Gold Sox : RHP Pedro Martínez
Batting: LHB Michael Greene 0-0: Ground out U3 (Groundball, 3L)
Batting: RHB Manuel Villarreal 0-0: Called Strike
0-1: Foul Ball, location: 2F
0-2: Strikes out swinging
Batting: LHB George Valentine 0-0: Called Strike
0-1: SINGLE (Groundball, 34)
Batting: RHB Ben Ross 0-0: Called Strike
0-1: Swinging Strike
0-2: Reached on error, E5 (Groundball, 56)
George Valentine to second
Batting: RHB José Rodríguez 0-0: Ball
1-0: Swinging Strike
1-1: DOUBLE (Flyball, 8LXD)
George Valentine scores
Ben Ross to third
Runner from 3rd tries for Home, SAFE, throw made home
Batting: RHB Kyle Taylor 0-0: Fly out, F7 (Flyball, 7M)
Bottom of the 4th over - 2 run(s), 2 hit(s), 1 error(s), 1 left on base; Chicago 0 - Boston 2
TOP OF THE 5TH
Chicago Gold Sox batting - Pitching for Boston Patriots : RHP Cris Mendoza
Batting: RHB Pancho Montoya 0-0: Called Strike
0-1: Called Strike
0-2: Strikes out swinging
Batting: RHB Tim Little 0-0: Called Strike
0-1: Called Strike
0-2: Ball
1-2: Strikes out swinging
Batting: RHB Pedro Martínez 0-0: Ball
1-0: Swinging Strike
1-1: Foul Ball, location: 2F
1-2: Foul Ball, location: 2F
1-2: Foul Ball, location: 2F
1-2: Strikes out swinging
Top of the 5th over - 0 run(s), 0 hit(s), 0 error(s), 0 left on base; Chicago 0 - Boston 2
BOTTOM OF THE 5TH
Boston Patriots batting - Pitching for Chicago Gold Sox : RHP Pedro Martínez
Batting: RHB Carlos Vera 0-0: Called Strike
0-1: Ball
1-1: Foul Ball, location: 2F
1-2: Ball
2-2: Ground out 6-3 (Groundball, 6)
Batting: RHB Cris Mendoza 0-0: Foul Ball, location: 2F
0-1: Called Strike
0-2: Fly out, F2 (Popup, 2LF)
Batting: RHB Rich Norman 0-0: Ball
1-0: Reached on error, E6 (Groundball, 6)
Batting: LHB Michael Greene 0-0: Ball
1-0: Ball
2-0: Called Strike
2-1: Fly out, F4 (Popup, 4MD)
Bottom of the 5th over - 0 run(s), 0 hit(s), 1 error(s), 1 left on base; Chicago 0 - Boston 2
TOP OF THE 6TH
Chicago Gold Sox batting - Pitching for Boston Patriots : RHP Cris Mendoza
Batting: SHB Brent Gaines 0-0: Called Strike
0-1: Called Strike
0-2: Ball
1-2: Foul Ball, location: 2F
1-2: Fly out, F8 (Line Drive, 8RM)
Batting: LHB Jeff Sharp 0-0: Called Strike
0-1: Ball
1-1: Ball
2-1: Swinging Strike
2-2: Strikes out swinging
Batting: RHB John Hill 0-0: Swinging Strike
0-1: Ball
1-1: Fly out, F6 (Line Drive, 6)
Top of the 6th over - 0 run(s), 0 hit(s), 0 error(s), 0 left on base; Chicago 0 - Boston 2
BOTTOM OF THE 6TH
Boston Patriots batting - Pitching for Chicago Gold Sox : RHP Pedro Martínez
Batting: RHB Manuel Villarreal 0-0: Called Strike
0-1: SOLO HOME RUN (Flyball, 78XD), Distance : 415 ft
Batting: LHB George Valentine 0-0: Fly out, F7 (Flyball, 7D)
Batting: RHB Ben Ross 0-0: SINGLE (Groundball, 6M)
Batting: RHB José Rodríguez 0-0: Ball
1-0: Called Strike
1-1: Called Strike
1-2: Foul Ball, location: 2F
1-2: Strikes out looking
Batting: RHB Kyle Taylor 0-0: Called Strike
0-1: Foul Ball, location: 2F
0-2: Foul Ball, location: 2F
0-2: Ball
1-2: DOUBLE (Flyball, 78XD)
Ben Ross to third
Runner from 3rd tries for Home, SAFE, throw made home
Batting: RHB Carlos Vera 0-0: Intentional Walk
Batting: RHB Cris Mendoza 0-0: Ball
1-0: Ground out 1-3 (Groundball, 23)
Bottom of the 6th over - 2 run(s), 3 hit(s), 0 error(s), 2 left on base; Chicago 0 - Boston 4
TOP OF THE 7TH
Chicago Gold Sox batting - Pitching for Boston Patriots : RHP Cris Mendoza
Batting: LHB Vicente Martínez 0-0: Ball
1-0: Ball
2-0: Fly out, F6 (Line Drive, 6M)
Batting: LHB Earl Ellis 0-0: Ball
1-0: Ground out 4-3 (Groundball, 4)
Batting: LHB Ron Goodwin 0-0: Ball
1-0: Called Strike
1-1: Foul Ball, location: 2F
1-2: Strikes out swinging
Top of the 7th over - 0 run(s), 0 hit(s), 0 error(s), 0 left on base; Chicago 0 - Boston 4
BOTTOM OF THE 7TH
Boston Patriots batting - Pitching for Chicago Gold Sox : RHP Pedro Martínez
Batting: RHB Rich Norman 0-0: Called Strike
0-1: Ball
1-1: Ball
2-1: SINGLE (Line Drive, 56D)
Batting: LHB Michael Greene 0-0: Called Strike
0-1: Ball
1-1: Ball
2-1: DOUBLE (Groundball, 3L)
Rich Norman to third
Batting: RHB Manuel Villarreal 0-0: DOUBLE (Line Drive, 7LS)
Rich Norman scores
Michael Greene scores
Batting: LHB George Valentine 0-0: Swinging Strike
0-1: Ball
1-1: Ball
2-1: Ball
3-1: Swinging Strike
3-2: Ground out U3 (Groundball, 3S)
Manuel Villarreal to third
Pitching: RHP Javier Peralta
Batting: RHB Ben Ross 0-0: Ball
1-0: Ball
2-0: Called Strike
2-1: Ball
3-1: Base on Balls
Batting: RHB José Rodríguez 0-0: Called Strike
Ben Ross is caught stealing 2nd base
0-1: SINGLE (Groundball, 56D)
Manuel Villarreal scores
Batting: RHB Kyle Taylor 0-0: Ball
1-0: Swinging Strike
1-1: Ball
2-1: Fly out, F7 (Flyball, 78XD)
Bottom of the 7th over - 3 run(s), 4 hit(s), 0 error(s), 1 left on base; Chicago 0 - Boston 7
TOP OF THE 8TH
Chicago Gold Sox batting - Pitching for Boston Patriots : RHP Cris Mendoza
Batting: RHB Pancho Montoya 0-0: Called Strike
0-1: Ball
1-1: Foul Ball, location: 2F
1-2: Ball
2-2: Strikes out swinging
Batting: RHB Tim Little 0-0: Ball
1-0: Ball
2-0: Ball
3-0: Base on Balls
Pinch Hitting: LHB Carl Nash 0-0: Foul Ball, location: 2F
0-1: Ball
1-1: Swinging Strike
1-2: Strikes out swinging
Batting: SHB Brent Gaines 0-0: Fly out, F7 (Flyball, 7M)
Top of the 8th over - 0 run(s), 0 hit(s), 0 error(s), 1 left on base; Chicago 0 - Boston 7
BOTTOM OF THE 8TH
Boston Patriots batting - Pitching for Chicago Gold Sox : RHP Javier Peralta
Pitching: LHP Pedro Torres
Batting: RHB Carlos Vera 0-0: Ball
1-0: Ball
2-0: Foul Ball, location: 2F
2-1: SINGLE (Line Drive, 8LS)
Pinch Hitting: RHB Bernalldo Bessa 0-0: Called Strike
0-1: Ball
1-1: Swinging Strike
1-2: Strikes out swinging
Batting: RHB Rich Norman
Pinch Hitting: RHB Austin Henderson 0-0: Ball
1-0: Ball
2-0: Ball
3-0: Foul Ball, location: 2F
3-1: Foul Ball, location: 2F
3-2: Strikes out swinging
Batting: LHB Michael Greene 0-0: Called Strike
0-1: Called Strike
0-2: Ball
1-2: Foul Ball, location: 2F
1-2: Ball
2-2: Foul Ball, location: 2F
2-2: Ball
3-2: Base on Balls
Carlos Vera to second
Batting: RHB Manuel Villarreal 0-0: Called Strike
0-1: Foul Ball, location: 2F
0-2: Fly out, F8 (Flyball, 8RXD)
Bottom of the 8th over - 0 run(s), 1 hit(s), 0 error(s), 2 left on base; Chicago 0 - Boston 7
TOP OF THE 9TH
Chicago Gold Sox batting - Pitching for Boston Patriots : RHP Cris Mendoza
Pitching: LHP John Coleman
Now at 2B: Austin Henderson
Batting: LHB Jeff Sharp 0-0: Foul Ball, location: 2F
0-1: Foul Ball, location: 2F
0-2: Ball
1-2: Fly out, F7 (Flyball, 78S)
Batting: RHB John Hill 0-0: Swinging Strike
0-1: Ball
1-1: Ball
2-1: Foul Ball, location: 2F
2-2: Ball
3-2: Foul Ball, location: 2F
3-2: Base on Balls
Batting: LHB Vicente Martínez 0-0: Called Strike
0-1: Called Strike
0-2: Ball
1-2: Fly out, F8 (Flyball, 78M)
Batting: LHB Earl Ellis 0-0: Foul Ball, location: 2F
0-1: Called Strike
0-2: Ball
1-2: Ball
2-2: Strikes out swinging
Top of the 9th over - 0 run(s), 0 hit(s), 0 error(s), 1 left on base; Chicago 0 - Boston 7
This league is powered by Out of the Park Baseball, the baseball management simulation game for PC, Mac and Linux
Thursday, April 24th, 2014 - OOTP Baseball 14.6 Build 33